cohdb
Replays
Latest Replays
All Replays
Popular Replays
Top Player Replays
Match Explorer
How It Works
Community
CoH3 Stats
Reddit
Sign in to upload your games and track your stats! →
Sign in with Steam
Match 20567614
Unlisted
Match 20567614
Overview
Messages
Build Orders
End
Selects Luftwaffe Battlegroup
Selects Luftwaffe Pioneer Support
Fallschirmpioneer Squad Paradrop
Fallschirmpioneer Squad Paradrop
Fallschirmpioneer Squad Paradrop
Construct Infanterie Kompanie
Construct Luftwaffe Kompanie
Support Elements
Wirbelwind Flakpanzer
Flak 30 Anti-aircraft Gun Team
Jäger Squad
Luftwaffe Officer Quarters
Construct Panzer Kompanie
GrW 34 Mortar Team
Panzer IV Medium Tank
MG 42 Bunker
Selects Stuka Strafing Run
Selects Fallschirmjäger Squad Paradrop
Selects Stuka Loiter
Stuka Loiter
Stuka Strafing Run
Panzer IV Medium Tank
AI Takeover
CrimsonNightSkies
HitmanHarris35
Dadical
Sy Ableman?!
OsteoporoticBoxer
DirtyDan
皮皮
Paris
0
0
Comments
sign in to comment!
No comments posted yet!